Map: Ruins of Seras

Players

AcerBly (Bly) - Winner!

  • Race: Zerg Zerg
  • League: Master

Dragon

  • Race: Terran Terran
  • League: Master

Event: Lycan League Weekly August #1

VOD

Have the link to the VOD?

Description

Time

  • Played on: Aug. 3, 2015, 1:39 p.m.
  • Length: 7:34

All games in this series

Show
View Real Time Build Order
Export as new Build Order

AcerBly Zerg - Winner!

Build Orders: Hatch First, Roach Nydus 

Get SALT Encoding   

  12  0:01  Drone  
  13  0:12  Overlord  
  13  0:18  Drone  
  14  0:25  Drone, Extractor  
  15  0:32  Drone  
  16  0:36  Drone  
  17  0:54  Hatchery  
  16  0:58  Drone  
  16  1:01  Extractor  
  16  1:05  Drone  
  17  1:18  Spawning Pool  
  17  1:19  Drone  
  17  1:25  Drone  
  18  1:29  Drone  
  19  2:05  Zergling x6  
  19  2:06  Queen  
  19  2:07  Metabolic Boost, Queen  
  26  2:10  Zergling x2  
  27  2:17  Overlord  
  27  2:25  Drone  
  28  2:38  Drone  
  28  2:39  Drone x3  
  32  2:47  Queen  
  32  2:49  Overlord  
  34  2:54  Overlord  
  34  3:02  Overlord  
  33  3:11  Drone x2  
  33  3:12  Drone  
  36  3:15  Lair  
  36  3:16  Drone x2  
  38  3:20  Drone  
  38  3:21  Drone  
  40  3:29  Drone x3  
  43  3:37  Drone x4  
  47  3:44  Roach Warren  
  46  3:49  Drone x3  
  49  3:58  Drone  
  49  3:59  Drone x3, Extractor x2  
  51  4:03  Overlord, Extractor  
  47  4:17  Overlord  
  47  4:23  Drone x2, Glial Reconstitution  
  49  4:24  Spore Crawler, Overlord  
  49  4:28  Roach x3  
  49  4:29  Roach  
  56  4:37  Roach x3  
  62  4:43  Roach  
  62  4:44  Roach  
  66  4:52  Roach x3  
  72  5:02  Nydus Network  
  72  5:06  Drone  
  72  5:10  Overlord  
  72  5:17  Roach  
  72  5:18  Roach  
  72  5:19  Overlord  
  76  5:21  Overlord  
  76  5:31  Roach x4  
  76  5:33  Overlord, Burrow  
  82  5:51  Nydus Canal  
  82  5:56  Roach x3  
  82  5:57  Roach x2  
  84  6:19  Nydus Canal  
  84  6:29  Drone x8  
  92  6:33  Hatchery  
  89  6:42  Overlord  
  89  6:44  Overlord  
  87  6:48  Overlord  
  87  6:51  Roach x12  
  87  6:52  Overlord  
  87  6:53  Roach x3  
  93  6:59  Roach x4  
  93  7:00  Roach x12  
  93  7:02  Overlord  
Show
View Real Time Build Order
Export as new Build Order

Dragon Terran 

Build Orders:  

Get SALT Encoding   

  12  0:01  SCV  
  13  0:13  SCV  
  14  0:20  Supply Depot  
  14  0:25  SCV  
  15  0:42  SCV  
  16  0:43  Barracks  
  16  0:54  SCV  
  17  1:06  SCV  
  18  1:14  Command Center  
  18  1:18  SCV  
  19  1:30  Marine  
  19  1:31  Orbital Command  
  20  1:36  Refinery  
  20  1:46  Refinery  
  20  1:48  Marine  
  21  2:00  SCV  
  22  2:02  Supply Depot  
  22  2:06  Marine  
  23  2:24  SCV  
  23  2:25  Factory  
  23  2:27  Orbital Command  
  24  2:35  Barracks Reactor  
  24  2:36  SCV  
  25  2:48  SCV  
  26  2:56  Bunker  
  26  2:59  SCV  
  26  3:00  SCV  
  25  3:18  Starport  
  25  3:20  Barracks Reactor  
  25  3:23  SCV, Hellion x2  
  25  3:24  SCV  
  31  3:32  Supply Depot  
  30  3:39  SCV x2  
  30  3:45  Hellion x2  
  34  3:51  SCV  
  34  3:54  SCV  
  36  4:03  SCV  
  36  4:05  Medivac x2  
  36  4:06  Hellion x2  
  45  4:13  SCV  
  45  4:15  SCV  
  46  4:22  Armory  
  46  4:25  SCV  
  46  4:27  SCV  
  46  4:30  Hellion x2  
  52  4:47  Supply Depot x2  
  52  4:51  Hellion  
  52  4:52  Liberator x2  
  54  5:09  SCV x2, Hellion  
  54  5:10  Supply Depot  
  54  5:11  Supply Depot  
  54  5:12  Hellion  
  66  5:21  SCV x2  
  66  5:25  Starport  
  60  5:31  Hellion  
  60  5:33  SCV x2  
  60  5:34  Hellion, Liberator  
  60  5:35  Engineering Bay  
  64  5:48  SCV x2  
  62  5:54  Refinery  
  62  5:55  Refinery  
  65  6:03  SCV  
  66  6:06  Hellion x2, Liberator  
  67  6:15  SCV x2  
  50  6:27  SCV x2  
  49  6:34  Hellbat  
  49  6:39  SCV  
  55  6:40  SCV  
  55  6:49  Hellbat  
  55  6:51  SCV  
  55  6:52  SCV  
  51  7:04  SCV x2  
  53  7:12  Engineering Bay  
  52  7:16  SCV x2  

Tags
 
Add a new tag
Caveats
  • Supply blocks, unpowered buildings, or Contaminate may cause inaccurate times.
  • Supply counts are checked every 10 seconds.